 Dungeon Crawl Stone Soup version 0.14.0-24-gfb45beb (console) character file.

1984 Rage the Gouger (level 8, -21/34 HPs)
             Began as a Felid Berserker on Apr 23, 2014.
             Was an Elder of Trog.
             Demolished by an orc warlord
             ... wielding a +0,+1 glaive of protection
              (33 damage)
             ... on Level 8 of the Dungeon.
             The game lasted 00:18:11 (3169 turns).

Rage the Gouger (Felid Berserker)                   Turns: 3169, Time: 00:18:11

HP -21/34        AC  2     Str 13      XL: 8   Next: 93%
MP  13/13        EV 27     Int  9      God: Trog [****..]
Gold 89          SH  0     Dex 18      Spells:  0 memorised,  7 levels left
Lives: 0, deaths: 2

rFire  . . .     SeeInvis +       - Unarmed
rCold  + . .     Clarity  .     (armour unavailable)
rNeg   . . .     Conserve .     (shield unavailable)
rPois  .         rCorr    .     (helmet unavailable)
rElec  .         rRot     .     (cloak unavailable)
SustAb . .       Spirit   .     (gloves unavailable)
rMut   .         Warding  .     (boots unavailable)
Saprov . . .     Stasis   .     (no amulet)
MR     ++...                    (no ring)
                                p - cursed ring of protection from cold

@: regenerating, invisible, exhausted, very slightly contaminated, slowed, slow,
very resistant to hostile enchantments, fairly stealthy
A: paw claws, no armour, no weapons or thrown items, fangs 3, see invisible,
carnivore 3, speed 1, shaggy fur 2, slow metabolism 1, jump 2
a: Jump Attack, Burn Spellbooks, Berserk, Trog's Hand, Brothers in Arms,
Renounce Religion


You were on level 8 of the Dungeon.
You worshipped Trog.
Trog was greatly pleased with you.
You were not hungry.

You visited 1 branch of the dungeon, and saw 8 of its levels.
You also visited: Sewer and Ossuary.

You collected 89 gold pieces.

Inventory:

Armour
 k - a cursed ice dragon hide
Magical devices
 u - a wand of random effects (23)
Comestibles
 c - 2 meat rations
 i - 9 cheeses
 C - 2 beef jerkies
Scrolls
 g - 3 scrolls of remove curse
 l - a scroll of fear
 m - 3 scrolls of immolation {unknown}
 n - a scroll of fog {unknown}
 r - a scroll of amnesia {unknown}
 t - 2 scrolls of enchant armour {unknown}
 v - a scroll of recharging
 w - 2 scrolls of vulnerability {unknown}
 x - a scroll of teleportation {unknown}
Jewellery
 p - a cursed ring of protection from cold (left paw)
Potions
 b - 3 potions of berserk rage
 d - 3 potions of curing
 e - 2 potions of heal wounds {unknown}
 f - 2 potions of haste {unknown}
 q - a potion of confusion {unknown}
 s - 3 potions of restore abilities {unknown}
 A - 3 potions of magic {unknown}
Books
 a - a book of Necromancy

   Spells                             Type                      Level
   Pain                               Necromancy                   1
   Animate Skeleton                   Necromancy                   1
   Lethal Infusion                    Charms/Necromancy            2
   Vampiric Draining                  Necromancy                   3
   Regeneration                       Charms/Necromancy            3
   Animate Dead                       Necromancy                   4
   Control Undead                     Necromancy                   4
   Trog disapproves of the use of such an item.


   Skills:
 - Level 3.0 Fighting
 + Level 11.1 Dodging
 * Level 12.0 Unarmed Combat


You had 7 spell levels left.
You didn't know any spells.

Dungeon Overview and Level Annotations

Branches:
Dungeon (8/15)
 Temple: D:4-7         Lair: D:8-11

Altars:

Shops:
D:8 =


Innate Abilities, Weirdness & Mutations

You cannot wear armour.
You are incapable of wielding weapons or throwing items.
Your paws have sharp claws.
You have razor-sharp teeth.
You have supernaturally acute eyesight.
You are carnivorous and can eat meat at any time.
You cover ground quickly.
You are covered in thick fur (AC +2).
You have a slow metabolism.
You can jump attack at a medium distance.


Message History

The orc warlord hits you with an uncursed runed glaive!
* * * LOW HITPOINT WARNING * * *
You scratch the orc warlord.
The orc warlord is heavily wounded.
You claw the orc warlord!
The orc warlord is severely wounded.
The orc warlord completely misses you.
You scratch the orc warlord but do no damage.
The orc warlord is severely wounded.
The orc warlord closely misses you.
You scratch the orc warlord but do no damage.
Your bite misses the orc warlord.
The orc warlord is severely wounded.
You feel the effects of Trog's Hand fading.
The orc warlord closely misses you.
You barely miss the orc warlord.
The orc warlord is severely wounded.
The orc warlord hits you with an uncursed runed glaive!
Ouch! That really hurt!
You die...

,,*,,,....................,,...*o
***≈≈≈≈≈≈≈≈≈≈≈≈....≈≈≈≈≈≈≈≈≈≈≈≈##
≈≈≈≈≈≈≈≈≈≈≈≈≈≈))...≈≈≈≈≈≈≈≈≈≈≈≈≈≈
≈≈≈≈ ≈≈≈≈≈≈≈≈≈)...)≈≈≈≈≈≈≈≈≈≈≈≈≈≈
,,,,...........o..(..............
*,,,,*#####......................
* ,,>* #......................
*,,,,* #......................
*,,,,* #....o@...............#
*,,,,* #.....................#
*,,,,* #.....(#####+#####'#..#
*,,,,* #.####)#.....[...?.#..#
*><.#######.# #)#...).......#..#
#...#..#%.#.# #.#...........#..#
#...#..#..#.# #.#############..#
#...#..'..#.# #................#
#...#..#..#.# #(.############..#


You could see an orc warlord (bleeding) and an orc (wandering).

Vanquished Creatures
  An orc knight (D:8)
  A hill giant skeleton (D:8)
  A hippogriff (D:8)
  A human (D:8)
  4 wargs (D:8)
  2 yaks (D:8)
  Menkaure (Ossuary)
  2 black bears (D:6)
  A sky beast (D:8)
  3 ogres
  3 orc warriors (D:8)
  3 big kobolds (Sewer)
  2 giant frogs
  A scorpion (D:5)
  7 killer bees (D:8)
  A crimson imp (D:6)
  2 orc priests (D:8)
  3 worker ants
  4 sheep (D:8)
  5 mummies
  8 adders
  4 gnolls (D:3)
  3 green rats
  2 shadow imps
  A giant mite (D:6)
  A worm (D:5)
  An adder zombie (D:8)
  7 giant geckos
  23 orcs
  A ball python (D:2)
  18 bats
  5 giant cockroaches
  3 gnoll skeletons (Ossuary)
  4 goblins
  4 green rat zombies (Sewer)
  6 hobgoblins
  7 jackals
  A quokka (D:3)
  3 giant newts
  4 gnoll zombies (Ossuary)
  2 goblin skeletons (Ossuary)
  2 goblin zombies (Ossuary)
  A green rat skeleton (Sewer)
  2 hobgoblin skeletons (Ossuary)
  4 hobgoblin zombies (Ossuary)
  4 kobolds
  2 kobold skeletons (Ossuary)
  2 kobold zombies
  2 orc skeletons (Ossuary)
  3 orc zombies (Ossuary)
  A quokka skeleton (D:6)
  18 rats
  3 rat skeletons (Ossuary)
  4 rat zombies (Ossuary)
204 creatures vanquished.

Vanquished Creatures (others)
  A giant frog (D:8)
  2 gnoll skeletons (Ossuary)
  2 gnoll zombies (Ossuary)
  3 goblin skeletons (Ossuary)
  A goblin zombie (Ossuary)
  A hobgoblin zombie (Ossuary)
  2 kobold skeletons (Ossuary)
  2 kobold zombies (Ossuary)
  2 orc skeletons (Ossuary)
  2 rat skeletons (Ossuary)
  A rat zombie (Ossuary)
19 creatures vanquished.

Grand Total: 223 creatures vanquished

Notes
Turn   | Place    | Note
--------------------------------------------------------------
     0 | D:1      | Rage, the Felid Berserker, began the quest for the Orb.
     0 | D:1      | Reached XP level 1. HP: 10/10 MP: 2/2
   170 | D:2      | Reached XP level 2. HP: 11/14 MP: 3/3
   245 | D:3      | Reached XP level 3. HP: 17/17 MP: 5/5
   280 | D:2      | Acquired Trog's second power
   485 | D:3      | Reached XP level 4. HP: 14/21 MP: 7/7
   492 | D:3      | Reached skill level 5 in Dodging
   741 | D:4      | Reached skill level 5 in Unarmed Combat
   779 | D:4      | Reached XP level 5. HP: 10/24 MP: 8/8
   804 | D:5      | Entered Level 5 of the Dungeon
   959 | D:6      | Noticed a black bear
   968 | D:6      | Killed a black bear
   969 | D:6      | Reached skill level 6 in Unarmed Combat
   969 | D:6      | Gained mutation: You are covered in thick fur (AC +2). [growing up]
   969 | D:6      | Gained mutation: You can jump attack at a medium distance. [growing up]
   969 | D:6      | Reached XP level 6. HP: 5/28 MP: 10/10
   999 | D:6      | Noticed a black bear
  1106 | D:6      | Killed a black bear
  1280 | D:6      | Reached XP level 7. HP: 19/31 MP: 12/12
  1284 | D:6      | Noticed a centaur
  1285 | D:6      | Noticed a phantom
  1321 | D:6      | Paralysed by a potion of paralysis for 3 turns
  1322 | D:6      | Shot with an arrow by a centaur
  1323 | D:6      | Reached XP level 6. HP: -1/28 MP: 10/10
  1423 | D:6      | Reached skill level 7 in Unarmed Combat
  1428 | D:6      | Noticed an ogre
  1440 | D:6      | Killed an ogre
  1521 | D:6      | Found a glowing drain.
  1525 | Sewer    | Entered a sewer
  1654 | Sewer    | Reached XP level 7. HP: 12/31 MP: 12/12
  1736 | Sewer    | Reached skill level 8 in Unarmed Combat
  1832 | D:8      | Noticed a yak
  1901 | D:8      | Noticed a yak
  1903 | D:8      | Killed a yak
  1907 | D:8      | Killed a yak
  1907 | D:8      | Reached skill level 9 in Unarmed Combat
  1907 | D:8      | Reached XP level 8. HP: 34/34 MP: 13/13
  1930 | D:8      | Acquired Trog's third power
  2218 | D:8      | Reached skill level 10 in Unarmed Combat
  2354 | D:8      | Reached XP level 9. HP: 18/37 MP: 15/15
  2392 | D:8      | Found a sand-covered staircase.
  2399 | Ossuary  | Entered an ossuary
  2647 | Ossuary  | Noticed Menkaure
  2653 | Ossuary  | Killed Menkaure
  2692 | Ossuary  | Reached skill level 10 in Dodging
  2751 | D:8      | Found Icahafet's Jewellery Shop.
  2841 | D:8      | Noticed a human
  2852 | D:8      | Killed a human
  2852 | D:8      | Reached skill level 11 in Unarmed Combat
  2991 | D:8      | Noticed an orc warlord
  2991 | D:8      | Noticed an orc knight
  3011 | D:8      | Killed an orc knight
  3027 | D:8      | Shot with a bolt of flame by an orc warlord
  3028 | D:8      | Reached XP level 8. HP: -10/34 MP: 13/13
  3151 | D:8      | Reached skill level 12 in Unarmed Combat
  3169 | D:8      | Demolished by an orc warlord

Action                   |  1- 3 |  4- 6 |  7- 9 || total
-------------------------+-------+-------+-------++-------
Melee: Unarmed           |    63 |   182 |   352 ||   597
Invok: Berserk           |     3 |     5 |     9 ||    17
       Trog's Hand       |     3 |     3 |    11 ||    17
Evoke: Wand              |       |       |     1 ||     1
  Use: Scroll            |       |     1 |    10 ||    11
       Potion            |       |       |     8 ||     8
 Stab: Sleeping          |     1 |     2 |     1 ||     4
       Distracted        |       |     1 |     1 ||     2
       Fleeing           |       |     1 |       ||     1
       Invisible         |       |       |     4 ||     4
